 Dungeon Crawl Stone Soup version 0.20.0-8-g6b59dc7 (webtiles) character file.

416 Minion the Sneak (level 6, -1/39 HPs)
             Began as an Octopode Assassin on May 30, 2017.
             Slain by a bullfrog (7 damage)
             ... on level 3 of the Dungeon.
             The game lasted 00:03:54 (2000 turns).

Minion the Sneak (Octopode Assassin)                Turns: 2000, Time: 00:03:54

Health: -1/39      AC:  4    Str: 10    XL:     6   Next: 92%
Magic:  6/6        EV: 15    Int: 13    God:
Gold:   128        SH:  0    Dex: 16    Spells: 5/5 levels left

rFire    . . .     SeeInvis .   a - +2 dagger
rCold    . . .     Gourm    .   (no shield)
rNeg     . . .     Faith    .   (helmet restricted)
rPois    .         Spirit   .   (no amulet)
rElec    .         Reflect  .   e - +3 ring of protection
rCorr    .         Harm     .   r - ring of flight
MR       .....                  (no ring)
Stlth    +++++.....             (no ring)
Regen    0.2/turn               (no ring)
MPRegen  0.1/turn               (no ring)
                                (no ring)
                                (no ring)

@: no status effects
A: almost no armour, stealthy swim, amphibious, 8 rings, constrict 8, camouflage
1, gelatinous body 1
a: Evoke Flight


You were on level 3 of the Dungeon.
You were not hungry.

You visited 1 branch of the dungeon, and saw 3 of its levels.

You collected 128 gold pieces.

Inventory:

Hand Weapons
 a - a +2 dagger (weapon)
 b - a +0 blowgun
Missiles
 c - 21 poisoned needles
 d - 2 curare-tipped needles
Jewellery
 e - a +3 ring of protection (left tentacle)
 r - a ring of flight (right tentacle)
Wands
 l - a wand of polymorph (10/24)
Scrolls
 j - a scroll of teleportation {unknown}
 m - a scroll of noise {unknown}
 n - a scroll of amnesia {unknown}
 p - 2 scrolls of identify
Potions
 h - a potion of berserk rage
 i - a potion of heal wounds {unknown}
 k - a potion of flight {unknown}
 o - 3 potions of mutation {unknown}
Comestibles
 f - 3 bread rations
 g - 7 chunks of flesh
 q - a meat ration


   Skills:
 - Level 2.0 Fighting
 + Level 4.5 Short Blades
 - Level 2.0 Throwing
 + Level 3.8 Dodging
 + Level 7.7 Stealth


You had 5 spell levels left.
You didn't know any spells.

Dungeon Overview and Level Annotations

Branches:
Dungeon (3/15)

Altars:


Innate Abilities, Weirdness & Mutations

You cannot wear most types of armour.
You are very stealthy in the water. (Stealth+)
You are amphibious.
You can wear up to eight rings at the same time.
You can use your tentacles to constrict eight enemies at once.
Your skin changes colour to match your surroundings (Stealth+).
Your rubbery body absorbs attacks. (AC +1, EV +1)


Message History

The orc priest is almost dead.
You constrict the orc priest, but do no damage.
The bullfrog hits you but does no damage.
The orc priest closely misses you. The orc misses you.
The bullfrog hits you but does no damage.
You hit the orc priest but do no damage.
The orc priest is almost dead.
You constrict the orc priest, but do no damage.
The bullfrog completely misses you.
The orc priest calls down the wrath of Beogh upon you.
Beogh smites you!
* * * LOW HITPOINT WARNING * * *
You hit the orc priest but do no damage.
The orc priest is almost dead.
You constrict the orc priest.
You kill the orc priest!
The rat bites you but does no damage. The bullfrog misses you.
The rat barely misses you. The rat bites you but does no damage.
The bullfrog hits you!
You die...

#..........# #.....
#..........# #.....
#.....[....##########.....
#########.................
#### #.###########..)..
... #.# ##.).( ###.##.#
#.### #......# ##.###
#..?..@# #..... #....rF#
##### #.....
###.##o###...#####.....
#..)o.......o.....###
#......K.....########
..............#
##............#
#............#
#..%.....#...#


You could see a bullfrog, 2 orcs, a kobold and a rat.

Vanquished Creatures
  The ghost of Minion the Sneak, an amateur OpAs (D:3)
  2 bullfrogs (D:3)
  An orc priest (D:3)
  Natasha (thrice) (D:2)
  3 adders
  An ooze (D:1)
  A worm (D:2)
  2 dart slugs (D:3)
  2 orcs (D:3)
  A ball python (D:3)
  3 giant cockroaches (D:1)
  2 hobgoblins (D:2)
  4 bats
  5 frilled lizards
  4 goblins
  4 kobolds
  2 rats (D:1)
41 creatures vanquished.

Notes
Turn   | Place    | Note
-------+----------+-------------------------------------------
     0 | D:1      | Minion the Octopode Assassin began the quest for the Orb.
     0 | D:1      | Reached XP level 1. HP: 14/14 MP: 1/1
   107 | D:1      | Reached XP level 2. HP: 4/19 MP: 2/2
   901 | D:2      | Noticed Natasha
   914 | D:2      | Killed Natasha
   914 | D:2      | Reached XP level 3. HP: 24/24 MP: 3/3
   960 | D:2      | Reached skill level 6 in Stealth
  1095 | D:2      | Noticed Natasha
  1108 | D:2      | Killed Natasha
  1108 | D:2      | Reached XP level 4. HP: 16/29 MP: 4/4
  1116 | D:2      | Noticed Natasha
  1267 | D:2      | Killed Natasha
  1543 | D:2      | Reached XP level 5. HP: 31/34 MP: 5/5
  1799 | D:3      | Noticed Minion's ghost (amateur OpAs)
  1824 | D:3      | Killed Minion's ghost
  1824 | D:3      | Reached skill level 7 in Stealth
  1824 | D:3      | Reached XP level 6. HP: 36/39 MP: 6/6
  2000 | D:3      | Slain by a bullfrog

Skill      XL: |  1  2  3  4  5 |
---------------+----------------+-----
Short Blades   | 3 4 |  4.5
Stealth        | 6 7 |  7.7
Dodging        | 2 3 |  3.8
Fighting       | |  2.0
Throwing       | |  2.0

Action                   |  1- 3 |  4- 6 || total
-------------------------+-------+-------++-------
Melee: Dagger            |    40 |    71 ||   111
       Constrict         |    10 |    16 ||    26
       Tentacles         |     6 |    13 ||    19
  Use: Scroll            |     2 |       ||     2
 Stab: Sleeping          |     7 |     5 ||    12
  Eat: Chunk             |       |     3 ||     3
Armor: Skin              |     3 |    15 ||    18
Dodge: Dodged            |    20 |    52 ||    72
